 Dungeon Crawl Stone Soup version 0.25.1-2-g60ff931df9 (webtiles) character file.

Game seed: 4952775090926238117

104 hawla the Slasher (level 4, -4/38 HPs)
             Began as a Minotaur Gladiator on Nov 3, 2020.
             Slain by a gnoll
             ... wielding a +0 spear
              (8 damage)
             ... on level 2 of the Dungeon.
             The game lasted 00:03:42 (1227 turns).

hawla the Slasher (Minotaur Gladiator)              Turns: 1227, Time: 00:03:42

Health: -4/38      AC:  3    Str: 20    XL:     4   Next: 52%
Magic:  3/3        EV: 13    Int:  5    God:
Gold:   102        SH:  0    Dex: 11    Spells: 3/3 levels left

rFire    . . .     SeeInvis .   a - +0 long sword
rCold    . . .     Gourm    .   (no shield)
rNeg     . . .     Faith    .   b - +0 leather armour
rPois    .         Spirit   .   c - +0 hat
rElec    .         Reflect  .   (no cloak)
rCorr    .         Harm     .   (no gloves)
MR       .....                  (no boots)
Stlth    +.........             g - amulet of regeneration
HPRegen  0.52/turn              (no ring)
MPRegen  0.08/turn              (no ring)

@: no status effects
A: retaliatory headbutt, horns 2
a: no special abilities


You were on level 2 of the Dungeon.
You were not hungry.

You visited 1 branch of the dungeon, and saw 3 of its levels.

You collected 102 gold pieces.

Inventory:

Hand Weapons
 a - a +0 long sword (weapon)
Missiles
 d - 3 throwing nets (quivered)
Armour
 b - a +0 leather armour (worn)
 c - a +0 hat (worn)
Jewellery
 g - an amulet of regeneration (around neck)
Scrolls
 l - 5 scrolls of identify
Potions
 e - a potion of resistance {unknown}
 h - a potion of curing
Comestibles
 f - 7 rations
 i - 4 chunks of flesh


   Skills:
 + Level 3.1 Fighting
 + Level 5.2 Long Blades
 + Level 2.0 Throwing
 + Level 1.0 Armour
 * Level 4.2 Dodging


You had 3 spell levels left.
You didn't know any spells.
Your spell library was empty.

Dungeon Overview and Level Annotations

Branches:
Dungeon (3/15)

Altars:
Ru


Innate Abilities, Weirdness & Mutations

You reflexively headbutt those who attack you in melee.
You have a pair of horns on your head.


Message History

The gnoll hits you with a +0 spear. The gnoll hits you with a +0 whip.
The quokka barely misses you.
You barely miss the gnoll.
The gnoll is heavily wounded.
The gnoll hits you with a +0 spear. The quokka closely misses you.
You furiously retaliate!
You headbutt the quokka. The gnoll hits you with a +0 whip!
You are too injured to fight recklessly!
You are too injured to fight recklessly!
You are too injured to fight recklessly!
You slash the gnoll!
The gnoll is severely wounded.
The quokka barely misses you. You furiously retaliate!
You headbutt the quokka!
You kill the quokka!
The gnoll hits you with a +0 spear.
* * * LOW HITPOINT WARNING * * *
The gnoll hits you with a +0 whip!
* * * LOW HITPOINT WARNING * * *
The gnoll hits you with a +0 spear!
You die...

#............,,*,,,,**
#............,,*,,,,**
#...#######..,,,,,,,**
#............,,,,,,,,,
#.........$..*,,,,,,,,
###..........*,*,,,,,,
#............*,***,*,,
#............*,,,,,*,,
#.%..@g...>..*,,,,,*,,
#...†g.......*,,,,,,,,
#............*,,,,,,,,
#......!.....,,,,,,,,,
#............,,,,,,,,,
#.......$....,,,,,,,,,
#...#........,,,,,,,,,
#...#........,,,,,,,,,
*,,,*,,,,,,,,,,,,,,,,,


You could see 2 gnolls.

Vanquished Creatures
  Natasha (D:3)
  2 gnolls (D:2)
  An adder (D:2)
  2 worms (D:2)
  6 bats
  A giant cockroach (D:3)
  4 goblins
  12 hobgoblins
  3 jackals (D:1)
  A kobold (D:2)
  2 quokkas
  A frilled lizard (D:2)
  6 rats
42 creatures vanquished.

Notes
Turn   | Place    | Note
-------+----------+-------------------------------------------
     0 | D:1      | hawla the Minotaur Gladiator began the quest for the Orb.
     0 | D:1      | Reached XP level 1. HP: 18/18 MP: 0/0
   123 | D:1      | Reached skill level 4 in Long Blades
   207 | D:1      | Reached XP level 2. HP: 22/25 MP: 1/1
   640 | D:2      | Found a sacrificial altar of Ru.
   715 | D:2      | Reached XP level 3. HP: 16/30 MP: 2/2
   832 | D:3      | Noticed Natasha
   840 | D:3      | Killed Natasha
   840 | D:3      | Reached skill level 5 in Long Blades
   840 | D:3      | Reached XP level 4. HP: 37/37 MP: 3/3
   899 | D:2      | Reached skill level 1 in Armour
  1227 | D:2      | Slain by a gnoll

Illustrated notes

Levels and vault maps discovered:
D:1:      minmay_arrival_four_circles, layout_rooms
D:2:      layout_basic, overflow_temple_1_default, first_ration,
          cheibrodos_gnoll_hut
D:3:      layout_loops_cross, lemuel_crystal_altar, uniq_natasha

Skill      XL: |  1  2  3  4 |
---------------+-------------+-----
Long Blades    | 4 5 |  5.2
Dodging        | 4 |  4.2
Armour         | 1 |  1.0
Fighting       | 3 |  3.1
Throwing       | |  2.0

Action                   |  1- 3 |  4- 6 || total
-------------------------+-------+-------++-------
Melee: Long sword        |    69 |    28 ||    97
       Headbutt          |    10 |     3 ||    13
  Use: Scroll            |     5 |       ||     5
       Potion            |     3 |       ||     3
  Eat: Chunk             |       |     1 ||     1
Armor: Leather armour    |    17 |     6 ||    23
Dodge: Dodged            |    59 |    25 ||    84
       Rpst.: Long sword |    13 |     4 ||    17
